 Dungeon Crawl Stone Soup version 0.17-a0-1360-g37db002 (webtiles) character file.

17657 MRaven the Destroyer (level 12, 0/64 HPs)
             Began as a Deep Elf Fire Elementalist on June 10, 2015.
             Was a Priest of Sif Muna.
             Slain by a minotaur (13 damage)
             ... in a labyrinth on June 11, 2015.
             The game lasted 01:14:49 (19044 turns).

MRaven the Destroyer (Deep Elf Fire Elementalist)  Turns: 19044, Time: 01:14:49

Health: 0/64       AC:  7    Str:  5    XL:     12   Next: 20%
Magic:  3/27       EV: 19    Int: 26    God:    Sif Muna [***...]
Gold:   189        SH:  0    Dex: 18    Spells: 7 memorised, 5 levels left

rFire  + . .     SeeInvis .     F - +1 spear (freeze) (curse)
rCold  . . .     Clarity  .     K - +2 robe {rN+}
rNeg   + . .     SustAt   .     (no shield)
rPois  .         Gourm    .     (no helmet)
rElec  .         Spirit   .     (no cloak)
rCorr  .         Warding  .     (no gloves)
rMut   .         Stasis   .     j - +2 pair of boots
MR     +....                    (no amulet)
Stlth  ++........               m - ring of protection from fire
                                i - +3 ring of dexterity

@: very slightly contaminated, somewhat resistant to hostile enchantments,
unstealthy
A: no striking features
a: Channel Energy, Forget Spell, Renounce Religion


You were in a labyrinth.
You worshipped Sif Muna.
Sif Muna was most pleased with you.
You were not hungry.

You visited 3 branches of the dungeon, and saw 11 of its levels.
You also visited: Labyrinth.

You collected 467 gold pieces.
You spent 278 gold pieces at shops.

Inventory:

Hand weapons
 A - a +3 whip of flaming
 F - a cursed +1 spear of freezing (weapon)
 G - a +4 blowgun
Missiles
 v - 18 poisoned needles
Armour
 j - a +2 pair of boots (worn)
 K - a +2 robe of positive energy (worn)
Jewellery
 a - an uncursed ring of magical power {unknown}
 e - an uncursed ring of sustain attributes
 i - a +3 ring of dexterity (left hand)
 m - a ring of protection from fire (right hand)
 y - an uncursed ring of protection from magic
 B - an uncursed ring of positive energy
 E - an uncursed ring of flight {unknown}
Magical devices
 f - a wand of cold (0)
 g - a wand of slowing (14)
 k - a wand of draining (0)
Scrolls
 h - 4 scrolls of remove curse
 t - a scroll of magic mapping
 D - a scroll of holy word
Potions
 l - a potion of lignification {unknown}
 n - 2 potions of flight {unknown}
 p - 2 potions of haste {unknown}
 q - a potion of mutation {unknown}
 s - a potion of invisibility {unknown}
 u - a potion of curing
 x - a potion of ambrosia {unknown}
 C - a potion of resistance {unknown}
 I - a potion of heal wounds {unknown}
Books
 b - a book of Flames

   Spells                             Type                      Level
   a - Flame Tongue                   Conjuration/Fire             1
   b - Throw Flame                    Conjuration/Fire             2
   c - Conjure Flame                  Conjuration/Fire             3
   d - Inner Flame                    Hexes/Fire                   3
   e - Sticky Flame                   Conjuration/Fire             4
   f - Fireball                       Conjuration/Fire             5
 r - a book of Death

   Spells                             Type                      Level
   a - Corpse Rot                     Necromancy                   2
   b - Sublimation of Blood           Necromancy                   2
   c - Agony                          Necromancy                   5
   d - Dispel Undead                  Necromancy                   5
   e - Excruciating Wounds            Charms/Necromancy            5
   f - Bolt of Draining               Conjuration/Necromancy       5
 w - a book of the Sky

   Spells                             Type                      Level
   a - Summon Lightning Spire         Summoning/Air                4
   b - Airstrike                      Air                          4
   c - Silence                        Hexes/Air                    5
   d - Deflect Missiles               Charms/Air                   6
   e - Conjure Ball Lightning         Conjuration/Air              6
   f - Tornado                        Air                          9
Comestibles
 c - 4 bread rations
 o - 4 meat rations


   Skills:
 - Level 3.3 Fighting
 - Level 9.0 Dodging
 - Level 2.4 Stealth
 * Level 9.6 Spellcasting
 + Level 10.1 Conjurations
 + Level 9.0 Necromancy
 + Level 9.7 Fire Magic
 + Level 4.6 Invocations
 + Level 8.7 Evocations


You had 5 spell levels left.
You knew the following spells:

 Your Spells              Type           Power        Failure   Level  Hunger
a - Flame Tongue          Conj/Fire      #####        1%          1    None
b - Throw Flame           Conj/Fire      ######       1%          2    None
c - Conjure Flame         Conj/Fire      ######..     1%          3    None
d - Sticky Flame          Conj/Fire      ######..     1%          4    None
e - Fireball              Conj/Fire      ######....   2%          5    ####...
f - Bolt of Draining      Conj/Necr      ######....   3%          5    ####...
g - Dispel Undead         Necr           ######..     4%          5    ####...


Dungeon Overview and Level Annotations

Branches:
Dungeon (8/15)             Temple (1/1) D:6            Lair (2/8) D:8

Altars:
Ashenzari
Cheibriados
Dithmenos
Elyvilon
Fedhas
Gozag
Kikubaaqudgha
Makhleb
Okawaru
Qazlal
Ru
Sif Muna
Trog
Vehumet
Xom
Yredelemnul
Zin
The Shining One

Shops:
D:4 =   D:7 *?


Message History

You miscast Bolt of Draining.
Sparks fly from your hands! The minotaur barely misses you.
The minotaur gores you!
Evoke which item? (* to show all) (? for menu, Esc to quit)
Zapping:
k - a wand of draining (2)
Press: ? - help, Shift-Dir - straight line, f/p - minotaur
Aim: a minotaur (moderately wounded)
The bolt of negative energy hits the minotaur.
The minotaur is drained!
The minotaur is heavily wounded.
This wand has 1 charge left.
The minotaur hits you!! The minotaur completely misses you.
Evoke which item? (* to show all) (? for menu, Esc to quit)
Zapping:
k - a wand of draining (1)
Press: ? - help, Shift-Dir - straight line, f/p - minotaur
Aim: a minotaur (heavily wounded, lightly drained)
The bolt of negative energy misses the minotaur.
This wand has 0 charges left.
The minotaur hits you!
* * * LOW HITPOINT WARNING * * *
The minotaur gores you!
You die...

#.#.▓▓ ▓▓▓▓▓ ..# .
#.#.▓ . # # ..▓
▓▓▓+▓▓ . #. ▓..⌠.▓
..# #.▓ +⌠...▓ ▓ .
# ## .▓ ...⌠+ # #
#...▓ <.. #.#.▓
▓H▓ .#. ▓@▓
#######.▓▓▓▓▓'▓▓▓▓
.. .. ..... .....▓
#.### .#.###.####
# #.# .... #
###.###.# # #..
#.#... ## ### #.#
#


You could see a minotaur.

Vanquished Creatures
  A hydra (Lair:1)
  Pikel (D:5)
  2 black mambas (Lair:1)
  17 elephants
  Joseph (Lair:1)
  Psyche (D:8)
  2 spiny frogs (Lair:1)
  A komodo dragon (Lair:1)
  A fire drake (Lair:1)
  Grinder (D:3)
  7 yaks
  A fire elemental (Lair:1)
  A deep elf fighter (D:8)
  A steam dragon (Lair:2)
  7 hippogriffs
  3 porcupines (Lair:1)
  4 water moccasins
  2 orc warriors
  A necrophage (D:8)
  3 ice beasts
  2 phantoms (D:8)
  4 ogres
  4 centaurs
  2 big kobolds
  A crocodile (D:8)
  11 giant frogs
  4 scorpions
  A jelly (D:8)
  9 wights (D:8)
  An electric eel (Lair:1)
  4 crimson imps
  A quasit (D:6)
  2 centaur zombies
  4 hounds
  A gnoll shaman (D:4)
  2 giant frog skeletons
  9 orc wizards
  7 orc priests
  11 worker ants
  5 iguanas
  A hound zombie (D:6)
  13 gnolls (D:4)
  7 adders
  12 river rats
  2 shadow imps (D:6)
  12 white imps (Lair:1)
  An ooze (D:2)
  An adder skeleton (D:6)
  4 worms
  6 giant geckos
  51 orcs
  2 ball pythons
  3 bat skeletons
  6 giant cockroaches
  11 goblins
  15 hobgoblins
  14 jackals
  17 kobolds
  6 quokkas
  A ball python skeleton (D:5)
  14 bats
  2 giant newts
  23 rats
367 creatures vanquished.

Vanquished Creatures (others)
  A hippogriff (Lair:2)
  An orc wizard (D:5)
  A worm (D:5)
  A bat zombie (D:5)
  28 fungi
  6 plants (Lair:1)
38 creatures vanquished.

Grand Total: 405 creatures vanquished

Notes
Turn   | Place    | Note
--------------------------------------------------------------
     0 | D:1      | MRaven the Deep Elf Fire Elementalist began the quest for the Orb.
     0 | D:1      | Reached XP level 1. HP: 10/10 MP: 6/6
   368 | D:1      | Reached XP level 2. HP: 15/15 MP: 5/8
   402 | D:1      | Learned a level 2 spell: Throw Flame
   617 | D:1      | You fall through a shaft!
  1151 | D:2      | Reached XP level 3. HP: 19/19 MP: 8/10
  1492 | D:2      | Found a glowing golden altar of the Shining One.
  1622 | D:3      | Learned a level 3 spell: Conjure Flame
  1904 | D:3      | Reached skill level 4 in Fire Magic
  2056 | D:3      | Reached XP level 4. HP: 10/24 MP: 9/11
  2301 | D:3      | Learned a level 4 spell: Sticky Flame
  2496 | D:3      | Reached XP level 5. HP: 21/28 MP: 7/13
  2597 | D:3      | Noticed Grinder
  2604 | D:3      | Upgraded the game from 0.17-a0-1332-g9db7d08 to 0.17-a0-1360-g37db002
  2604 | D:3      | Killed Grinder
  2604 | D:3      | Reached skill level 5 in Fire Magic
  2604 | D:3      | Reached XP level 6. HP: 32/32 MP: 1/15
  2613 | D:3      | Reached skill level 5 in Spellcasting
  2621 | D:3      | HP: 1/32 [orc/short sword (3)]
  3549 | D:4      | Reached skill level 5 in Conjurations
  3807 | D:4      | Found Miveytwu's Jewellery Shoppe.
  4262 | D:4      | Found a stormy altar of Qazlal.
  4271 | D:4      | Reached XP level 7. HP: 25/36 MP: 10/17
  4588 | D:4      | Reached skill level 6 in Fire Magic
  5664 | D:5      | Entered Level 5 of the Dungeon
  5870 | D:5      | Reached skill level 7 in Fire Magic
  5964 | D:5      | Reached XP level 8. HP: 36/41 MP: 9/19
  6385 | D:5      | Noticed Pikel
  6389 | D:5      | Learned a level 5 spell: Fireball
  7121 | D:5      | Killed Pikel
  7121 | D:5      | Reached skill level 8 in Fire Magic
  7186 | D:5      | Reached skill level 5 in Dodging
  7186 | D:5      | Reached XP level 9. HP: 45/45 MP: 13/22
  7277 | D:6      | Found a staircase to the Ecumenical Temple.
  7963 | D:6      | Learned a level 5 spell: Bolt of Draining
  8131 | D:6      | Reached skill level 1 in Evocations
  8469 | D:6      | Reached skill level 1 in Necromancy
  8545 | D:6      | Found a shattered altar of Ashenzari.
  8744 | Temple   | Entered the Ecumenical Temple
  8753 | Temple   | Became a worshipper of Sif Muna the Loreminder
  9169 | D:6      | Found a snail-covered altar of Cheibriados.
  9219 | D:6      | Found a burning altar of Makhleb.
  9414 | D:7      | Found Zoime's Magic Scroll Shop.
  9474 | D:7      | Bought a scroll of holy word for 97 gold pieces
  9474 | D:7      | Bought a scroll of enchant armour for 97 gold pieces
  9474 | D:7      | Bought a scroll of fear for 45 gold pieces
  9474 | D:7      | Bought a scroll of teleportation for 39 gold pieces
 10149 | D:7      | Found Lyemoade's Assorted Antiques.
 10540 | D:7      | Found a sacrificial altar of Ru.
 11325 | D:7      | Reached XP level 10. HP: 48/50 MP: 16/24
 11793 | D:7      | Acquired Sif Muna's first power
 12311 | D:8      | Noticed Psyche
 12312 | D:8      | Noticed a centaur zombie
 12317 | D:8      | Killed Psyche
 12327 | D:8      | Killed a centaur zombie
 12327 | D:8      | Reached skill level 5 in Necromancy
 12327 | D:8      | Reached skill level 5 in Evocations
 12489 | D:8      | Reached skill level 9 in Conjurations
 13071 | D:8      | Found a sacrificial altar of Ru.
 13693 | D:8      | Reached skill level 1 in Fighting
 13853 | D:8      | Found a staircase to the Lair.
 14735 | Lair:1   | Entered Level 1 of the Lair of Beasts
 14882 | Lair:1   | Noticed an elephant
 14901 | Lair:1   | Noticed an elephant
 14901 | Lair:1   | Killed an elephant
 14901 | Lair:1   | Reached XP level 11. HP: 46/57 MP: 5/25
 15024 | D:8      | Killed an elephant
 15024 | D:8      | Acquired Sif Muna's second power
 15561 | Lair:1   | Noticed an elephant
 15566 | Lair:1   | Killed an elephant
 15754 | Lair:1   | Noticed an elephant
 15761 | Lair:1   | Killed an elephant
 15771 | Lair:1   | Noticed an elephant
 15834 | Lair:1   | Killed an elephant
 15991 | Lair:1   | Noticed an elephant
 15994 | Lair:1   | Killed an elephant
 16105 | Lair:1   | Learned a level 5 spell: Dispel Undead
 16245 | Lair:1   | Noticed an elephant
 16249 | Lair:1   | Killed an elephant
 16249 | Lair:1   | Reached skill level 1 in Invocations
 16523 | Lair:1   | Noticed an elephant
 16528 | Lair:1   | Noticed an elephant
 16529 | Lair:1   | Killed an elephant
 16530 | Lair:1   | Noticed an elephant
 16781 | Lair:1   | Noticed an elephant
 16785 | Lair:1   | Killed an elephant
 16899 | Lair:1   | Noticed an elephant
 16909 | Lair:1   | Killed an elephant
 16999 | Lair:1   | Noticed an elephant
 17015 | Lair:1   | Killed an elephant
 17190 | Lair:1   | Noticed an elephant
 17195 | Lair:1   | Killed an elephant
 17324 | Lair:1   | Noticed an elephant
 17329 | Lair:1   | Killed an elephant
 17385 | Lair:1   | Noticed an elephant
 17389 | Lair:1   | Killed an elephant
 17504 | Lair:1   | Noticed an elephant
 17509 | Lair:1   | Killed an elephant
 17690 | Lair:1   | Killed an elephant
 17690 | Lair:1   | Reached skill level 10 in Conjurations
 17717 | Lair:1   | Noticed a five-headed hydra
 17748 | Lair:1   | Killed a five-headed hydra
 17748 | Lair:1   | Reached XP level 12. HP: 58/64 MP: 1/27
 17923 | Lair:1   | Killed an elephant
 18090 | Lair:1   | Noticed Joseph
 18097 | Lair:1   | Killed Joseph
 18712 | Lair:2   | Found a labyrinth entrance.
 18722 | Lab      | Entered a labyrinth
 19037 | Lab      | Noticed a minotaur
 19044 | Lab      | Slain by a minotaur

Vault maps used:
D:1:      onia_arrival_mini_maze_b
D:2:      tso_metal_star, hangedman_abyss_or_decor_stabs
D:3:      uniq_grinder
D:4:      old_standard_altar, serial_shops, nicolae_shop_statue_plus,
          first_bread, grunt_ministairs_9, minmay_tree_intersection, bh_chokoban
D:5:      lightli_ossuary_entry_decrepit_ruins, uniq_pikel
D:6:      kennysheep_little_box, makhleb_grotto_becter,
          ashenzari_conservatory_becter, temple_fountains,
          minmay_stone_trees_medium
D:7:      nicolae_overflow_hidden_temple, serial_shops, kennysheep_mini, shop
D:8:      grunt_lair_entry_elf_guard_hut, basic_altar, uniq_psyche
Temple:   circular_temple_12
Lair:1:   mu_elephants_graveyard, portal_ice_cave_entry_imps, uniq_joseph
Lair:2:   lab_entry_generic, serial_bayou_pond_c, serial_bayou_shore_a
Lab:      labyrinth_hidden_loot, lab_statue

Action                   |  1- 3 |  4- 6 |  7- 9 | 10-12 || total
-------------------------+-------+-------+-------+-------++-------
Melee: Unarmed           |     1 |       |       |       ||     1
       Dagger            |     1 |       |       |       ||     1
       Hand axe          |    13 |       |       |       ||    13
       War axe           |    11 |    47 |    37 |       ||    95
       Whip              |       |       |   175 |    36 ||   211
       Spear             |       |       |       |    65 ||    65
 Cast: Flame Tongue      |    47 |    48 |   188 |   138 ||   421
       Throw Flame       |    20 |    26 |    88 |    71 ||   205
       Sticky Flame      |       |     6 |    36 |    45 ||    87
       Conjure Flame     |       |       |     4 |     1 ||     5
       Fireball          |       |       |       |    11 ||    11
       Bolt of Draining  |       |       |       |    63 ||    63
Invok: Channel Energy    |       |       |       |     2 ||     2
Evoke: Wand              |       |       |     3 |    13 ||    16
  Use: Scroll            |     6 |     2 |     2 |    11 ||    21
       Potion            |     1 |     3 |     1 |     2 ||     7
 Stab: Sleeping          |     2 |     1 |     3 |     3 ||     9
       Distracted        |       |     2 |     1 |     2 ||     5
  Eat: Chunk             |     1 |     3 |    14 |    13 ||    31
       Beef jerky        |     2 |       |       |       ||     2
       Meat ration       |       |     1 |       |     5 ||     6
       Fruit             |       |       |    10 |       ||    10
       Pizza             |       |       |     1 |       ||     1
       Bread ration      |       |       |       |     1 ||     1
